 Dungeon Crawl Stone Soup version 0.30-a0-1161-g0704695555 (webtiles) character file.

Game seed: 3671325376005709936

2765 ytrimaz the Nimble (level 9, -4/56 HPs)
             Began as an Octopode Fighter on Apr 27, 2023.
             Slain by Menkaure (25 damage)
             ... on level 7 of the Dungeon.
             The game lasted 00:07:36 (6061 turns).

ytrimaz the Nimble (Octopode Fighter)               Turns: 6061, Time: 00:07:37

Health: -4/56      AC:  1    Str: 15    XL:     9   Next: 69%
Magic:  9/9        EV: 17    Int: 11    God:
Gold:   347        SH:  6    Dex: 15    Spells: 8/8 levels left

rFire   . . .        r - +0 scimitar
rCold   . . .        b - +1 buckler
rNeg    . . .        (helmet restricted)
rPois   .            (no amulet)
rElec   .            h - ring of willpower
rCorr   .            i - ring of flight
SInv    +            q - ring of see invisible
Will    +....        (no ring)
Stlth   ++           (no ring)
HPRegen 0.29/turn    (no ring)
MPRegen 0.11/turn    (no ring)
                     (no ring)

%: no passive effects
@: attractive, flying, hasted, very quick
A: almost no armour, amphibious, 8 rings, camouflage 1, gelatinous body 1,
(nimble swimmer 1), tentacles
a: no special abilities


You were on level 7 of the Dungeon.
You visited 2 branches of the dungeon, and saw 8 of its levels.

You collected 347 gold pieces.


Innate Abilities, Weirdness & Mutations

You cannot wear most types of armour.
You are amphibious.
You can wear up to eight rings at the same time.
Your skin changes colour to match your surroundings (Stealth+).
Your rubbery body absorbs attacks. (AC +1, EV +1)
((You are camouflaged when in or above water. (Stealth+)))
You have tentacles for arms and can constrict up to eight enemies at once.


   Skills:
 - Level 3.0 Fighting
 + Level 9.4 Long Blades
 + Level 9.7 Dodging
 - Level 3.0 Shields


You had 8 spell levels left.
You didn't know any spells.
Your spell library contained the following spells:

 Spells                   Type           Power      Damage    Failure   Level
 Slow                     Hex            0%         N/A       43%         1
 Sting                    Tmut/Pois      0%         1d3       43%         1
 Poisonous Vapours        Pois/Air       0%         N/A       56%         2
 Confusing Touch          Hex            0%         N/A       80%         3
 Portal Projectile        Hex/Tloc       0%         N/A       80%         3
 Tukima's Dance           Hex            0%         N/A       80%         3
 Vampiric Draining        Necr           0%         2d6       80%         3
 Olgreb's Toxic Radiance  Pois           0%         N/A       99%         4
 Blade Hands              Tmut           0%         N/A       100%        5

Inventory:

Hand Weapons
 a - a +0 long sword
 r - a +0 scimitar (weapon)
   (You took it off a wight on level 6 of the Dungeon)
 s - a +2 falchion
   (You took it off a wight on level 6 of the Dungeon)
Missiles
 f - 2 throwing nets
Armour
 b - a +1 buckler (worn)
Jewellery
 h - a ring of willpower (left tentacle)
   (You took it off a kobold on level 2 of the Dungeon)
 i - a ring of flight (right tentacle)
   (You found it on level 3 of the Dungeon)
 q - a ring of see invisible (on tentacle)
   (You found it on level 5 of the Dungeon)
Wands
 m - a wand of roots (7) (quivered)
   (You found it on level 4 of the Dungeon)
 p - a wand of mindburst (4)
   (You found it on level 5 of the Dungeon)
Scrolls
 k - a scroll of blinking
 n - a scroll of vulnerability
 t - a scroll of enchant armour
Potions
 c - 2 potions of might
 d - a potion of flight
 e - 3 potions of haste
 g - a potion of heal wounds {unknown}
 l - a potion of resistance {unknown}
 o - a potion of ambrosia {unknown}
 u - a potion of attraction
 v - a potion of brilliance {unknown}

Dungeon Overview and Level Annotations

Branches:
Dungeon (7/15) Zot: 26585  Temple (1/1) D:5 Zot: 5756

Altars:
Ashenzari
Cheibriados
Dithmenos
Elyvilon
Gozag
Hepliaklqana
Kikubaaqudgha
Makhleb
Nemelex Xobeh
Okawaru
Qazlal
Ru
Sif Muna
Trog
Uskayaw
Vehumet
Wu Jian
Xom
Yredelemnul
Zin
The Shining One

Annotations:
D:6 3 runed translucent doors, retardedninja's ghost, novice GnFE
D:7 Menkaure

..... .....
...... #.....
#######
#.....##.$.....
....?..........
$............>.
....ยง.M@.......
#.....##...(...
..).. .......
..## .......
......##.g
.......
.....#....#
....###
.......:..#
..###
.#......... ..#
.#........#


You could see Menkaure (fast) and a gnoll.


Message History

Press: ? - help, Q - select action, (/) - cycle Shift-Dir - straight line, f - Pikel
Aim: Pikel, wielding a +0 whip of flaming, wearing a +0 robe and carrying a wand of flame (11) (heavily wounded)
The roots erupt in riotous growth!
Roots grab Pikel.
Roots grab the lemure.
The grasping roots constrict Pikel.
The grasping roots constrict the lemure.
Pikel struggles to escape constriction.
The lemure struggles to escape constriction.
Unknown command.
The grasping roots constrict Pikel.
The grasping roots constrict the lemure!
The roots release their grip on Pikel.
Pikel zaps a wand.
The puff of flame hits you.
The lemure escapes! ๐Ÿ˜• HP[-6]
You take 6 damage, and now have 45/56 hp.
Aiming: Fastroot
Press: ? - help, Q - select action, (/) - cycle Shift-Dir - straight line, f/p - Pikel
Aim: Pikel, wielding a +0 whip of flaming, wearing a +0 robe and carrying a wand of flame (10) (severely wounded)
The roots erupt in riotous growth!
Roots grab Pikel.
Roots grab the lemure. x2
The grasping roots constrict Pikel.
The grasping roots constrict the lemure. x2
The lemure struggles to escape constriction.
Pikel zaps a wand.
The puff of flame hits you!
The lemure struggles to escape constriction. ๐Ÿ˜ฎ HP[-12]
You take 12 damage, and now have 33/56 hp.
MASSIVE DAMAGE!! (PAUSE)
The grasping roots constrict Pikel.
The grasping roots constrict the lemure.
The grasping roots constrict the lemure!
The roots release their grip on the lemure.
Pikel struggles to escape constriction.
The lemure struggles to escape constriction. ๐Ÿ˜ฎ HP[+1] Unknown command.
Aiming: Fastroot
Press: ? - help, Q - select action, (/) - cycle Shift-Dir - straight line, f - lemure, p - Pikel
Aim: a lemure (severely wounded)
The roots erupt in riotous growth!
Roots grab the lemure.
Pikel is unaffected.
The grasping roots constrict Pikel!
You kill Pikel!
The grasping roots constrict the lemure!
The grasping roots constrict the lemure.
You hear a shout!
The roots release their grip on the lemure.
With Pikel's spell broken, his former minions thank you for their freedom.
The lemure departs this earthly plane. x2
The roots lose their grip on the lemure.
Unknown command.
Unknown command.
Menkaure is nearby! ๐Ÿ˜ฎ HP[+3]
You regained 3 hp, and now have 37/56 hp.
Unknown command.
Menkaure is nearby!
Menkaure is nearby!
Aiming: Fastroot
Press: ? - help, Q - select action, (/) - cycle Shift-Dir - straight line, f - you The roots erupt in riotous growth!
You hear a shout!
Unknown command.
Menkaure is nearby!
Unknown command.
Aiming: Fastroot
Press: ? - help, Q - select action, (/) - cycle Shift-Dir - straight line The roots erupt in riotous growth!
Roots grab Menkaure.
The grasping roots constrict Menkaure.
Menkaure escapes!
Unknown command.
Menkaure mumbles some strange words.
Menkaure seems to speed up. ๐Ÿ˜ฎ HP[+1]
Aiming: Fastroot
Press: ? - help, Q - select action, (/) - cycle Shift-Dir - straight line, f - Menkaure
Aim: Menkaure (lightly damaged, fast)
The roots erupt in riotous growth!
Roots grab Menkaure.
The grasping roots constrict Menkaure.
Menkaure calls on the powers of darkness!
Your body is wracked with pain!
* * * LOW HITPOINT WARNING * * *
๐Ÿ˜จ HP[-18]
You take 18 damage, and now have 20/56 hp.
MASSIVE DAMAGE!! (PAUSE) It was a potion of flight.
You feel more buoyant.
The grasping roots constrict Menkaure!
The roots release their grip on Menkaure.
It was a potion of attraction.
You feel attractive to monsters. Menkaure is attracted toward you.
You feel yourself speed up. Menkaure hits you!!
You die...

Skill      XL: |  1  2  3  4  5  6  7  8  9 |
---------------+----------------------------+-----
Long Blades    | 3 4 5 6 8 9 |  9.4
Dodging        | 4 5 6 8 9 |  9.7
Fighting       | |  3.0
Shields        | |  3.0

Action                     |  1- 3 |  4- 6 |  7- 9 || total
---------------------------+-------+-------+-------++-------
  Melee: Long sword        |    72 |   101 |    57 ||   230
         Constrict         |    20 |    29 |    34 ||    83
         Tentacles         |    13 |    20 |    51 ||    84
         Punch             |     1 |     2 |     3 ||     6
         Scimitar          |       |       |   100 ||   100
  Evoke: Wand              |       |       |    15 ||    15
    Use: Scroll            |       |     7 |     6 ||    13
         Potion            |       |       |     5 ||     5
   Stab: Sleeping          |     7 |     7 |     3 ||    17
 Armour: Skin              |     2 |     4 |     6 ||    12
  Dodge: Dodged            |    47 |    50 |   113 ||   210
  Block: Buckler           |    14 |    19 |    32 ||    65

Levels and vault maps discovered:
D:1:      scummos_arrival_forest, layout_loops_corners
D:2:      layout_loops_ring, minmay_distorted
D:3:      layout_loops_ring, old_standard_altar, basic_ecumenical_altar
D:4:      layout_loops_ring
D:5:      layout_basic, minmay_temple_entry_glass, minmay_misc_feat_doors,
          uniq_blork_the_orc
D:6:      layout_basic, gammafunk_ghost_necromancy
D:7:      layout_rooms, uniq_duvessa, uniq_pikel, uniq_menkaure
Temple:   regret_index_temple_sigil_plot

Notes
Turn   | Place    | Note
-------+----------+-------------------------------------------
     0 | D:1      | ytrimaz the Octopode Fighter began the quest for the Orb.
     0 | D:1      | Reached XP level 1. HP: 16/16 MP: 1/1
     0 | D:1      | magus.rc [v1.9.6]
   150 | D:1      | Reached XP level 2. HP: 12/21 MP: 2/2
   506 | D:1      | Reached XP level 3. HP: 24/26 MP: 3/3
  1165 | D:2      | Reached skill level 3 in Long Blades
  1269 | D:2      | You pick up a book of Debilitation and begin reading...
  1269 | D:2      | You add the spells Slow, Vampiric Draining and Confusing
                  | Touch to your library.
  1300 | D:2      | Reached XP level 4. HP: 28/31 MP: 4/4
  1301 | D:2      | Reached skill level 4 in Dodging
  1768 | D:3      | You add the spells Sting, Poisonous Vapours and Olgreb's
                  | Toxic Radiance to your library.
  1813 | D:3      | Found a faded altar of an unknown god.
  1844 | D:3      | Found a hide-covered altar of Uskayaw.
  2267 | D:3      | Reached XP level 5. HP: 36/36 MP: 5/5
  2440 | D:4      | Noticed a black bear
  2445 | D:4      | Killed a black bear
  2446 | D:4      | Reached skill level 4 in Long Blades
  2560 | D:4      | Reached skill level 5 in Dodging
  2560 | D:4      | Reached XP level 6. HP: 28/42 MP: 6/6
  3054 | D:4      | Reached skill level 5 in Long Blades
  3358 | D:5      | Entered Level 5 of the Dungeon
  3364 | D:5      | Reached XP level 7. HP: 46/46 MP: 7/7
  3394 | D:5      | Reached skill level 6 in Dodging
  3395 | D:5      | Found a staircase to the Ecumenical Temple.
  3424 | D:5      | Noticed Blork the orc
  3432 | D:5      | Killed Blork the orc
  3498 | Temple   | Entered the Ecumenical Temple
  3830 | D:5      | Reached skill level 6 in Long Blades
  3876 | D:5      | Reached XP level 8. HP: 52/52 MP: 8/8
  4339 | D:6      | Reached skill level 7 in Dodging
  4442 | D:6      | Reached skill level 7 in Long Blades
  4505 | D:6      | Found a runed translucent gate.
  4505 | D:6      | Found a runed translucent gate.
  4506 | D:6      | Found a runed translucent gate.
  4513 | D:6      | HP: 10/52 [sky beast (5)]
  4514 | D:6      | HP: 2/52 [sky beast (6)]
  4696 | D:6      | Noticed retardedninja's ghost (novice GnFE)
  4949 | D:5      | HP: 8/52 [orc warrior/+0 dire flail (15)]
  4954 | D:5      | Reached skill level 8 in Dodging
  4957 | D:6      | HP: 11/52 [orc/+0 flail (4)]
  5124 | D:6      | You pick up a book of Weapons and begin reading...
  5124 | D:6      | You add the spells Tukima's Dance, Portal Projectile and
                  | Blade Hands to your library.
  5173 | D:6      | Reached skill level 8 in Long Blades
  5217 | D:6      | Reached XP level 9. HP: 36/56 MP: 9/9
  5379 | D:6      | HP: 9/56 [constriction (6)]
  5570 | D:6      | Identified the +0 scale mail of Pan-Flutes {Str+2}
  5651 | D:7      | Noticed Pikel
  5680 | D:7      | Reached skill level 9 in Dodging
  5862 | D:7      | Noticed Menkaure
  5876 | D:6      | Reached skill level 9 in Long Blades
  6045 | D:7      | Killed Pikel
  6061 | D:7      | Slain by Menkaure

Vanquished Creatures
  Pikel (D:7)
  2 water moccasins
  An orc warrior (D:5)
  A sky beast (D:6)
  A black bear (D:4)
  An ogre (D:5)
  2 phantoms (D:6)
  Blork the orc (D:5)
  2 bullfrogs (D:6)
  A gnoll sergeant (D:6)
  6 scorpions
  8 wights (D:6)
  2 hounds (D:5)
  A jelly (D:6)
  4 orc priests
  2 sleepcaps
  4 iguanas
  2 orc wizards
  A gnoll (D:6)
  6 adders
  A white imp (D:6)
  2 ufetubi
  3 worms
  2 dart slugs
  10 orcs
  9 ball pythons
  8 endoplasms
  2 giant cockroaches
  9 goblins
  5 hobgoblins
  12 jackals
  6 bats
  6 frilled lizards
  9 kobolds
  11 rats
144 creatures vanquished.

Table legend:
 A = Non-vault XP
 B = Vault XP
 C = Vault XP percentage of total XP
 D = Non-vault monster count
 E = Vault monster count
 F = Vault count percentage of total count
                 A         B        C        D         E       F
            +---------+---------+-------+---------+---------+-------
      Total |    3239 |     712 |  18.0 |     140 |       4 |   2.8
            +---------+---------+-------+---------+---------+-------
        D:1 |      40 |       0 |   0.0 |      25 |       0 |   0.0
        D:2 |      43 |       4 |   8.5 |      19 |       2 |   9.5
        D:3 |      81 |       0 |   0.0 |      26 |       0 |   0.0
        D:4 |     359 |       0 |   0.0 |      22 |       0 |   0.0
        D:5 |     767 |      91 |  10.6 |      17 |       1 |   5.6
        D:6 |    1781 |       0 |   0.0 |      27 |       0 |   0.0
        D:7 |     168 |     617 |  78.6 |       4 |       1 |  20.0
            +---------+---------+-------+---------+---------+-------

Skill      XL: |  1  2  3  4  5  6  7  8  9 |
---------------+----------------------------+-----
Long Blades    | 3 4 5 6 8 9 |  9.4
Dodging        | 4 5 6 8 9 |  9.7
Fighting       | |  3.0
Shields        | |  3.0

Action                     |  1- 3 |  4- 6 |  7- 9 || total
---------------------------+-------+-------+-------++-------
  Melee: Long sword        |    72 |   101 |    57 ||   230
         Constrict         |    20 |    29 |    34 ||    83
         Tentacles         |    13 |    20 |    51 ||    84
         Punch             |     1 |     2 |     3 ||     6
         Scimitar          |       |       |   100 ||   100
  Evoke: Wand              |       |       |    15 ||    15
    Use: Scroll            |       |     7 |     6 ||    13
         Potion            |       |       |     5 ||     5
   Stab: Sleeping          |     7 |     7 |     3 ||    17
 Armour: Skin              |     2 |     4 |     6 ||    12
  Dodge: Dodged            |    47 |    50 |   113 ||   210
  Block: Buckler           |    14 |    19 |    32 ||    65

Illustrated notes

Table legend:
 A = Kills in this place as a percentage of kills in the entire game.
 B = Kills by you in this place as a percentage of kills by you in the entire game.
 C = Kills by friends in this place as a percentage of kills by friends in the entire game.
 D = Other kills in this place as a percentage of other kills in the entire game.
 E = Experience gained in this place as a percentage of experience gained in the entire game.
 F = Experience gained in this place divided by the number of levels of this place that you have seen.
                   A       B       C       D       E      F
               +-------+-------+-------+-------+-------+----------------------
         Total | 100.0 | 100.0 |   N/A |   N/A | 100.0 | 493.9
       Dungeon | 100.0 | 100.0 |   N/A |   N/A | 100.0 | 564.4
               +-------+-------+-------+-------+-------+----------------------

Table legend: (Time is in decaauts)
 A = Elapsed time spent in this place.
 B = Non-inter-level travel time spent in this place.
 C = Inter-level travel time spent in this place.
 D = Time resting spent in this place.
 E = Time spent auto-exploring this place.
 F = Levels seen in this place.
 G = Mean time per level.
                   A        B        C        D        E       F      G
               +--------+--------+--------+--------+--------+-----+--------+
         Total |   6122 |   5932 |    190 |    612 |   4143 |   8 |  765.2 |
       Dungeon |   5878 |   5694 |    184 |    612 |   3940 |   7 |  839.7 |
        Temple |    243 |    237 |      6 |      0 |    203 |   1 |  243.0 |
               +--------+--------+--------+--------+--------+-----+--------+

Top non-repeatable levels by time:
     D:6: 1481 daAuts
     D:1: 1001 daAuts
     D:4: 968 daAuts
     D:5: 927 daAuts
     D:3: 716 daAuts
     D:2: 714 daAuts
  Temple: 243 daAuts
     D:7: 67 daAuts
